 Dungeon Crawl Stone Soup version 0.31-a0-185-g9dded2c639 (webtiles) character file.

Game seed: 15301259870241456033

2 qw the Shooter (level 1, 0/12 HPs)
             Began as a Deep Elf Hunter on June 22, 2023.
             Slain by a kobold
             ... wielding a +0 whip
              (3 damage)
             ... on level 1 of the Dungeon.
             The game lasted 00:00:01 (23 turns).

qw the Shooter (Deep Elf Hunter)                      Turns: 23, Time: 00:00:01

Health: 0/12       AC:  3    Str:  8    XL:     1   Next: 33%
Magic:  3/3        EV: 12    Int: 13    God:
Gold:   7          SH:  0    Dex: 18    Spells: 0/0 levels left

rFire   . . .        a - +0 shortbow
rCold   . . .        (shield currently unavailable)
rNeg    . . .        c - +0 leather armour
rPois   .            (no helmet)
rElec   .            (no cloak)
rCorr   .            (no gloves)
SInv    .            (no boots)
Will    .....        (no amulet)
Stlth   ++           (no ring)
HPRegen 0.22/turn    (no ring)
MPRegen 0.08/turn

%: no passive effects
@: no status effects
A: no striking features
a: no special abilities


You were on level 1 of the Dungeon.
You visited 1 branch of the dungeon, and saw 1 of its levels.

You collected 7 gold pieces.


   Skills:
 - Level 1.5 Fighting
 + Level 5.5 Ranged Weapons
 - Level 2.4 Dodging
 - Level 1.2 Stealth


You couldn't memorise any spells.
You didn't know any spells.
Your spell library was empty.

Inventory:

Hand Weapons
 a - a +0 shortbow (weapon)
Armour
 c - a +0 leather armour (worn)
Scrolls
 b - a scroll of butterflies

Dungeon Overview and Level Annotations

Branches:
Dungeon (1/15)

Altars:


Message History

Welcome, qw the Deep Elf Hunter.
Are you destined to find the splendid Orb of Zot, or to die trying?
Press ? for a list of commands and other information.
Found a staircase leading out of the dungeon.
Options error: Missing colour in message_colour setting: 'then' x2
Waypoint 0 assigned to D:1.
0 ||| PLANNING D:1-11
Found an escape hatch in the floor.
Found an escape hatch in the floor.
Found 7 stones.
You now have 7 gold pieces.
A hobgoblin comes into view.
The hobgoblin shouts!
You shoot an arrow.
The arrow completely misses the hobgoblin.
A kobold comes into view. It is wielding a +0 whip.
You shoot an arrow. The kobold shouts!
The arrow hits the hobgoblin.
The hobgoblin is lightly wounded.
A kobold comes into view. It is wielding a +0 dagger.
You shoot an arrow. The arrow barely misses the hobgoblin.
You shoot an arrow. The arrow closely misses the hobgoblin.
You shoot an arrow.
The arrow hits the hobgoblin but does no damage.
The hobgoblin is lightly wounded.
The hobgoblin hits you.
You shoot an arrow. The arrow barely misses the hobgoblin.
The arrow barely misses the kobold.
The hobgoblin barely misses you.
You shoot an arrow. The arrow barely misses the hobgoblin.
The arrow hits the kobold.
You kill the kobold!
The kobold hits you with a +0 whip. The hobgoblin closely misses you.
You shoot an arrow. The arrow hits the hobgoblin.
You kill the hobgoblin!
The kobold hits you with a +0 whip.
You shoot an arrow. The arrow completely misses the kobold.
The kobold hits you with a +0 whip.
You die...

..........###
...........
....$....
....... .....
#.).# #K..#
####.@!####
#........(#
#.........#
#.........#
####...####
#...#
####...####
#.........#
#.>.....>.#


You could see a kobold.

Vanquished Creatures
  A hobgoblin (D:1)
  A kobold (D:1)
2 creatures vanquished.

Notes
Turn   | Place    | Note
-------+----------+-------------------------------------------
     0 | D:1      | qw the Deep Elf Hunter began the quest for the Orb.
     0 | D:1      | Reached XP level 1. HP: 12/12 MP: 3/3
     0 | D:1      | 0 ||| qw: Version: 0.3-a-9-g12657ce
     0 | D:1      | 0 ||| qw: Game counter: 1887
     0 | D:1      | 0 ||| qw: Always use a shield: true
     0 | D:1      | 0 ||| qw: God list: Okawaru
     0 | D:1      | 0 ||| qw: Allow faded altars: false
     0 | D:1      | 0 ||| qw: Do Orc after D:15 true
     0 | D:1      | 0 ||| qw: Do second Lair branch before Depths: true
     0 | D:1      | 0 ||| qw: Lair rune preference: random
     0 | D:1      | 0 ||| qw: Plans: Normal
     0 | D:1      | 0 ||| PLANNING D:1-11
    22 | D:1      | HP: 3/12 [kobold/+0 whip (3)]
    23 | D:1      | Slain by a kobold

Levels and vault maps discovered:
D:1:      minmay_arrival_hallway, layout_basic

Action                     || total
---------------------------++-------
   Fire: Shortbow          ||     9
  Dodge: Dodged            ||     2

Table legend:
 A = Non-vault XP
 B = Vault XP
 C = Vault XP percentage of total XP
 D = Non-vault monster count
 E = Vault monster count
 F = Vault count percentage of total count
                 A         B        C        D         E       F
            +---------+---------+-------+---------+---------+-------
      Total |       4 |       0 |   0.0 |       2 |       0 |   0.0
            +---------+---------+-------+---------+---------+-------
        D:1 |       4 |       0 |   0.0 |       2 |       0 |   0.0
            +---------+---------+-------+---------+---------+-------
